 Dungeon Crawl Stone Soup version 0.29-a0-586-g53e7fda (webtiles) character file.

Game seed: 15283718960731939922

1801 Illumine the Conjurer (level 8, 0/66 HPs)
             Began as a Demigod Conjurer on June 14, 2022.
             Slain by a yak (17 damage)
             ... on level 8 of the Dungeon on June 15, 2022.
             The game lasted 00:12:02 (8312 turns).

Illumine the Conjurer (Demigod Conjurer)            Turns: 8312, Time: 00:12:03

Health: 0/66       AC:  3    Str:  6    XL:     8   Next: 53%
Magic:  7/27       EV: 17    Int: 28    God:
Gold:   356        SH:  0    Dex: 12    Spells: 5/16 levels left

rFire   . . .      SeeInvis .   e - +1 short sword (drain)
rCold   . . .      Faith    .   (no shield)
rNeg    + + +      Spirit   .   H - +0 robe of Freedom {rN+++ Str-2 Archmagi}
rPois   .          Reflect  .   c - +0 hat
rElec   .          Harm     .   r - scarf {repulsion}
rCorr   .          Rampage  .   (no gloves)
Will    .....      Archmagi +   G - +0 pair of boots
Stlth   ++........              (no amulet)
HPRegen 0.21/turn               q - ring of magical power
MPRegen 0.20/turn               i - +4 ring of evasion

@: very slightly contaminated, repel missiles
A: high MP 1, forlorn, divine attributes
a: no special abilities


You were on level 8 of the Dungeon.
You visited 1 branch of the dungeon, and saw 8 of its levels.
You also visited: Sewer.

You collected 356 gold pieces.

Inventory:

Hand Weapons
 e - a +1 short sword of draining (weapon)
Armour
 a - a +0 robe
 c - a +0 hat (worn)
 r - a scarf of repulsion (worn)
 A - the +0 tower shield of Charity {rCorr}
   (You found it on level 5 of the Dungeon)

   rCorr:     It protects you from acid and corrosion.
 G - a +0 pair of boots (worn)
 H - the +0 robe of Freedom (worn) {rN+++ Str-2 Archmagi}
   (You found it on level 7 of the Dungeon)

   Str:       It affects your strength (-2).
   rN:        It renders you almost immune to negative energy.
   Archmagi:  It increases the power of your magical spells.
Magical Staves
 F - a staff of poison
Jewellery
 i - a +4 ring of evasion (right hand)
 q - a ring of magical power (left hand)
 w - an amulet of the acrobat
 B - a ring of resist corrosion
Wands
 s - a wand of mindburst (11)
 I - a wand of iceblast (2)
Scrolls
 j - 10 scrolls of teleportation
 l - a scroll of enchant weapon {unknown}
 m - 3 scrolls of fog
 n - 2 scrolls of vulnerability {unknown}
 u - a scroll of amnesia {unknown}
 x - 3 scrolls of magic mapping
 y - a scroll of noise {unknown}
 C - a scroll of summoning {unknown}
 D - 2 scrolls of silence {unknown}
 E - 2 scrolls of blinking {unknown}
 J - 2 scrolls of identify
 K - 2 scrolls of torment {unknown}
Potions
 b - a potion of magic
 d - 2 potions of cancellation
 f - 2 potions of heal wounds
 g - a potion of ambrosia {unknown}
 h - 3 potions of might
 k - 3 potions of flight
 o - 4 potions of curing
 p - 2 potions of brilliance {unknown}
 t - 2 potions of haste {unknown}
 v - 2 potions of mutation {unknown}
 z - a potion of attraction {unknown}


   Skills:
 + Level 4.1 Fighting
 + Level 5.0 Dodging
 - Level 2.0 Stealth
 + Level 4.6 Spellcasting
 - Level 5.0 Conjurations
 + Level 3.8 Hexes
 + Level 3.5 Translocations


You had 5 spell levels left.
You knew the following spells:

 Your Spells              Type           Power      Damage    Failure   Level
a - Magic Dart            Conj           100%       1d8       1%          1
b - Searing Ray           Conj           100%       2d8       1%          2
c - Fulminant Prism       Conj/Hex       23%        3d13      11%         4
d - Iskenderun's Mystic   Conj/Tloc      45%        2d10      12%         4

Your spell library contained the following spells:

 Spells                   Type           Power      Damage    Failure   Level
 Dazzling Flash           Conj/Hex       94%        N/A       3%          3
 Sublimation of Blood     Necr           9%         N/A       11%         2
 Petrify                  Tmut/Erth      9%         N/A       56%         4
 Irradiate                Conj/Tmut      15%        3d18      56%         5


Dungeon Overview and Level Annotations

Branches:
Dungeon (8/15)             Temple (0/1) D:7           Sewer (visited)
   Lair: D:8-11

Shops:
D:3 [   D:7 (

Annotations:
D:7 2 transporters, Menkaure


Innate Abilities, Weirdness & Mutations

You have an increased reservoir of magic. (+10% MP)
You shall have no god before yourself.
Your divine heritage dramatically boosts your attributes as you level up.


Message History

You finish channelling your searing ray.
Grum misses you.
Casting: Searing Ray (safe; 1% risk of failure)
Confirm with . or Enter, or press ? or * to list all spells.
Okay, then.
Casting: Searing Ray (safe; 1% risk of failure)
Confirm with . or Enter, or press ? or * to list all spells.
You feel a surge of power!
You miscast Iskenderun's Mystic Blast.
You are very lightly contaminated with residual magic.
You are caught in a violent explosion!
Grum hits you from afar with a +0 halberd.
Unknown command.
Casting: Iskenderun's Mystic Blast (dangerous; 12% risk of failure)
Confirm with . or Enter, or press ? or * to list all spells.
Aiming: Searing Ray (safe; 1% risk of failure)
Press: ? - help, Shift-Dir - straight line, f - Grum
Aim: Grum, wielding a +0 halberd and wearing a +0 animal skin (severely wounded, 85% to hit)
You feel a surge of power!
The searing ray hits Grum!
You kill Grum! (Press . to maintain the ray.)
Your Fighting skill increases to level 4!
Your Dodging skill increases to level 5!
The searing ray hits the yak.
The yak is heavily wounded.
A yak comes into view.
The searing ray hits the yak!
The yak is severely wounded.
A yak comes into view.
The yak barely misses you.
The searing ray misses the yak.
You finish channelling your searing ray.
The yak bellows!
A yak comes into view.
The yak gores you!
The yak bellows!
The yak attacks as you move away! The yak closely misses you.
The yak attacks as you move away! The yak gores you!
* * * LOW HITPOINT WARNING * * *
The yak attacks as you move away! The yak gores you!
You die...

......#.........#.. #
.....#>.......(...........
#....#####.#..##.#.......#.
#.##.#........##.#####.#.#...#
# #.##.#.###..≈≈≈≈.# ........
#.#.##.#.# #..≈....#######.#
#.# #.#.##.#.#
#..≈≈≈≈.........# #.#
....#....#######+#..#......#
#.#
..!.....).YY†..Y@.........##
#.#
.......Y#######............#
#.# ........#
#............###.# ........#
#####.##.........# ........#
#.##†...#....## ...Y....#
#.##....+.....# ......###
#.##....#.....# ......#
#.##....#.....#
#.##....###...#


You could see 3 yaks.

Vanquished Creatures
  Grum (D:8)
  3 ice beasts
  2 black bears
  3 wolves (D:8)
  2 centaurs
  A phantom (D:6)
  2 scorpions
  A howler monkey (D:8)
  A jelly (D:6)
  5 hounds
  An orc priest (D:7)
  A gnoll shaman (D:7)
  4 iguanas
  5 gnolls (D:7)
  7 adders
  A shadow imp (D:7)
  An ufetubus (D:5)
  A worm (D:4)
  3 dart slugs (D:4)
  11 orcs
  10 endoplasms
  A giant cockroach (D:1)
  11 hobgoblins
  6 jackals
  4 quokkas
  2 ball pythons
  7 bats
  11 frilled lizards
  3 goblins
  4 kobolds
  14 rats
129 creatures vanquished.

Notes
Turn   | Place    | Note
-------+----------+-------------------------------------------
     0 | D:1      | Illumine the Demigod Conjurer began the quest for the Orb.
     0 | D:1      | Reached XP level 1. HP: 14/14 MP: 5/5
   407 | D:1      | Reached XP level 2. HP: 10/20 MP: 1/7
   836 | D:1      | Learned a level 2 spell: Searing Ray
  1879 | D:2      | Reached XP level 3. HP: 26/26 MP: 9/9
  2392 | D:3      | Found Xipou's Antique Armour Emporium.
  2938 | D:3      | Reached XP level 4. HP: 33/33 MP: 10/10
  3391 | D:4      | Noticed a centaur
  3420 | D:4      | Killed a centaur
  3421 | D:4      | Reached skill level 1 in Fighting
  3421 | D:4      | Reached XP level 5. HP: 23/40 MP: 12/12
  3559 | D:4      | Learned a level 4 spell: Fulminant Prism
  4068 | D:4      | Reached skill level 1 in Hexes
  4068 | D:4      | Upgraded the game from 0.29-a0-584-gb10a8bf to
                  | 0.29-a0-586-g53e7fda
  4403 | D:5      | Entered Level 5 of the Dungeon
  4420 | D:5      | Identified the +0 tower shield of Charity {rCorr}
  4549 | D:5      | Reached XP level 6. HP: 48/48 MP: 13/13
  4554 | D:5      | Learned a level 4 spell: Iskenderun's Mystic Blast
  4567 | D:5      | Found a glowing drain.
  4576 | Sewer    | Entered a sewer
  5439 | D:5      | Reached skill level 1 in Translocations
  5879 | D:6      | Reached XP level 7. HP: 56/56 MP: 15/15
  5970 | D:6      | Reached skill level 5 in Conjurations
  6379 | D:6      | Identified the +0 leather armour of the Trombone {rF+ rN++
                  | Dex+2}
  6797 | D:7      | Found Bidotuuc's Antique Weapon Emporium.
  6801 | D:7      | Identified the +0 robe of Freedom {rN+++ Str-2 Archmagi}
  7170 | D:7      | Reached XP level 8. HP: 63/63 MP: 17/17
  7301 | D:7      | Noticed a +0 spear
  7302 | D:7      | Noticed a +0 short sword
  7302 | D:7      | Noticed a +0 dagger
  7302 | D:7      | Noticed a +0 short sword
  7303 | D:7      | Noticed a +0 dagger
  7303 | D:7      | Noticed a +0 falchion
  7304 | D:7      | Noticed a +0 spear
  7304 | D:7      | Noticed a +0 falchion
  7755 | D:7      | Found a staircase to the Ecumenical Temple.
  7830 | D:7      | Noticed Menkaure
  7835 | D:7      | Found a transporter.
  7837 | D:7      | Found a transporter.
  8284 | D:8      | Noticed Grum
  8305 | D:8      | Killed Grum
  8306 | D:8      | Reached skill level 5 in Dodging
  8312 | D:8      | Slain by a yak

Illustrated notes

Levels and vault maps discovered:
D:1:      dpeg_arrival_rooms_a, layout_basic, chequers_ecumenical_altar_grove
D:2:      layout_rooms, minmay_tetromino_s4
D:3:      layout_basic, minitemple, serial_shops, shop
D:4:      layout_loops_ring
D:5:      layout_loops_ring, portal_sewer_entry_d
D:6:      layout_layer_cave, nicolae_hepliaklqana_hippocampus
D:7:      layout_layer_cave, nicolae_uskayaw_en_pointe,
          gammafunk_temple_of_torment, minmay_temple_entry_statues_pillars,
          serial_shops, shop, uniq_menkaure
D:8:      layout_basic, serial_rivers, chequers_serial_rivers_room_b,
          chequers_serial_rivers_small_b, chequers_serial_rivers_room_b,
          chequers_serial_rivers_marsh, chequers_serial_rivers_small_b,
          chequers_serial_rivers_micro_d, serial_shops, nicolae_shop_trees,
          uniq_psyche, uniq_grum, uniq_maggie

Skill      XL: |  1  2  3  4  5  6  7  8 |
---------------+-------------------------+-----
Stealth        | 2 |  2.0
Dodging        | 2 3 4 5 |  5.0
Spellcasting   | 2 3 4 |  4.6
Conjurations   | 4 5 |  5.0
Fighting       | 1 2 3 4 |  4.1
Hexes          | 1 2 3 |  3.8
Translocations | 1 2 3 |  3.5

Action                   |  1- 3 |  4- 6 |  7- 9 || total
-------------------------+-------+-------+-------++-------
Melee: Unarmed           |    15 |       |       ||    15
       Short sword       |       |     5 |       ||     5
 Cast: Magic Dart        |    86 |    55 |    28 ||   169
       Searing Ray       |     6 |    26 |    28 ||    60
       Iskenderun's Myst |       |       |     1 ||     1
  Use: Scroll            |       |     9 |     1 ||    10
Armor: Robe              |    10 |     3 |     5 ||    18
Dodge: Dodged            |    45 |    32 |    25 ||   102

Table legend: (Time is in decaauts)
 A = Elapsed time spent in this place.
 B = Non-inter-level travel time spent in this place.
 C = Inter-level travel time spent in this place.
 D = Time resting spent in this place.
 E = Time spent auto-exploring this place.
 F = Levels seen in this place.
 G = Mean time per level.
                   A        B        C        D        E       F      G
               +--------+--------+--------+--------+--------+-----+--------+
         Total |   8375 |   8124 |    251 |    583 |   6404 |   9 |  930.6 |
       Dungeon |   7887 |   7636 |    251 |    559 |   6061 |   8 |  985.9 |
         Sewer |    488 |    488 |      0 |     24 |    342 |   1 |  488.0 |
               +--------+--------+--------+--------+--------+-----+--------+

Top non-repeatable levels by time:
     D:7: 1350 daAuts
     D:1: 1326 daAuts
     D:3: 1266 daAuts
     D:4: 1070 daAuts
     D:6: 1040 daAuts
     D:5: 912 daAuts
     D:2: 739 daAuts
   Sewer: 488 daAuts
     D:8: 179 daAuts
